 Dungeon Crawl Stone Soup version 0.27.1-15-g792fb953b9 (webtiles) character file.

Game seed: 5386197479961444631

8 Findor the Cudgeller (level 2, -2/22 HPs)
             Began as a Demonspawn Gladiator on Nov 20, 2021.
             Slain by a hobgoblin (4 damage)
             ... on level 1 of the Dungeon.
             The game lasted 00:00:28 (113 turns).

Findor the Cudgeller (Demonspawn Gladiator)          Turns: 113, Time: 00:00:29

Health: -2/22      AC:  4    Str: 14    XL:     2   Next: 0%
Magic:  2/2        EV: 12    Int:  9    God:
Gold:   30         SH:  0    Dex: 14    Spells: 1/1 levels left

rFire    . . .     SeeInvis .   a - +0 flail
rCold    . . .     Faith    .   (no shield)
rNeg     . . .     Spirit   .   b - +0 leather armour
rPois    .         Reflect  .   c - +0 helmet
rElec    .         Harm     .   (no cloak)
rCorr    .         Rampage  .   (no gloves)
Will     .....                  (no boots)
Stlth    +.........             (no amulet)
HPRegen  0.07/turn              (no ring)
MPRegen  0.08/turn              (no ring)

@: no status effects
A: claws 1
a: no special abilities


You were on level 1 of the Dungeon.
You visited 1 branch of the dungeon, and saw 1 of its levels.

You collected 30 gold pieces.


Innate Abilities, Weirdness & Mutations

You have sharp fingernails.


   Skills:
 - Level 2.0 Fighting
 * Level 3.2 Maces & Flails
 - Level 1.7 Throwing
 - Level 2.6 Dodging


You had one spell level left.
You didn't know any spells.
Your spell library was empty.

Inventory:

Hand Weapons
 a - a +0 flail (weapon)
Missiles
 d - 3 throwing nets (quivered) {!f}
Armour
 b - a +0 leather armour (worn)
 c - a +0 helmet (worn)
Scrolls
 e - a scroll of identify {unknown}


Message History

Things that are here:
a +0 club; a goblin corpse You hit the frilled lizard.
You kill the frilled lizard!
The dart slug launches a dart at you. The slug dart hits you.
Your Maces & Flails skill increases to level 3!
An endoplasm comes into view.
The dart slug launches a dart at you. The slug dart hits you.
* * * LOW HITPOINT WARNING * * *
You see here a frilled lizard corpse.
The dart slug launches a dart at you. The slug dart hits you.
* * * LOW HITPOINT WARNING * * *
Things that are here:
a +0 club; a goblin corpse Unknown command.
The dart slug launches a dart at you. The slug dart hits you.
* * * LOW HITPOINT WARNING * * *
You hit the dart slug but do no damage. The hobgoblin closely misses you.
The dart slug launches a dart at you. The slug dart misses you.
You thump the dart slug! The hobgoblin misses you. The dart slug misses you.
You hit the dart slug but do no damage. The hobgoblin hits you.
* * * LOW HITPOINT WARNING * * *
You sock the dart slug!
You kill the dart slug!
The hobgoblin hits you but does no damage.
The hobgoblin misses you. The endoplasm freezes you.
You are frozen.
* * * LOW HITPOINT WARNING * * *
Found a green potion.
A goblin comes into view. It is wielding a +0 club.
The endoplasm barely misses you.
You aren't carrying any potions.
You aren't carrying any items that you can evoke.
Unknown command.
You barely miss the endoplasm.
The endoplasm jiggles.
The endoplasm hits you but does no damage.
You sock the endoplasm!
You kill the endoplasm!
You have reached level 2!
Your demonic ancestry asserts itself...
Your fingernails lengthen.
You completely miss the hobgoblin. The hobgoblin hits you.
You die...

##..## #...#
.##..#####..#
.....(.....##
#......#....#
#.#)..$.....#
#.†.##.#....###
#..###.#......#
..###.......#.#####.#
#. ....#...#!.g@...#
.. ###..##########..#
.. #... ..# .. #. .#
#. .. .. .


You could see a hobgoblin.

Vanquished Creatures
  A dart slug (D:1)
  A bat (D:1)
  An endoplasm (D:1)
  A goblin (D:1)
  2 frilled lizards (D:1)
6 creatures vanquished.

Notes
Turn   | Place    | Note
-------+----------+-------------------------------------------
     0 | D:1      | Findor the Demonspawn Gladiator began the quest for the
                  | Orb.
     0 | D:1      | Reached XP level 1. HP: 16/16 MP: 1/1
    91 | D:1      | Reached skill level 3 in Maces & Flails
    95 | D:1      | HP: 3/16 [dart slug/slug dart (1)]
    99 | D:1      | HP: 1/16 [frozen (1)]
   113 | D:1      | Gained mutation: You have sharp fingernails. [demonic
                  | ancestry]
   113 | D:1      | Reached XP level 2. HP: 2/22 MP: 2/2
   113 | D:1      | Slain by a hobgoblin

Levels and vault maps discovered:
D:1:      dpeg_arrival_simpleton_a, layout_rooms, ebering_ecumenical_altar_webs,
          patterned_corridor

Action                   || total
-------------------------++-------
Melee: Flail             ||    16
Armor: Leather armour    ||     6
Dodge: Dodged            ||    10
